 Dungeon Crawl Stone Soup version 0.21-a0-338-g36cf2fc (webtiles) character file.

18193 Amnesiac the Jinx (level 12, -7/91 HPs)
             Began as a Gnoll Enchanter on Oct 3, 2017.
             Was a Follower of Ashenzari.
             Mangled by a two-headed ogre
             ... wielding a +0 giant spiked club
              (16 damage)
             ... on level 2 of the Orcish Mines.
             The game lasted 00:28:13 (11045 turns).

Amnesiac the Jinx (Gnoll Enchanter)                Turns: 11045, Time: 00:28:14

Health: -7/91      AC: 11    Str: 15    XL:     12   Next: 55%
Magic:  0/24       EV: 17    Int: 27    God:    Ashenzari [*.....]
Gold:   409        SH:  6    Dex: 15    Spells: 15/28 levels left

rFire    . . .     SeeInvis .   H - +2 dagger (venom)
rCold    . . .     Gourm    .   A - +0 buckler
rNeg     . . .     Faith    .   L - +3 leather armour {MR+} (curse)
rPois    .         Spirit   +   u - +0 helmet
rElec    .         Reflect  .   w - +0 cloak
rCorr    .         Harm     .   (no gloves)
MR       +....                  E - +1 pair of boots
Stlth    +++++.....             X - amulet of guardian spirit (curse)
HPRegen  0.25/turn              a - +3 ring of intelligence
MPRegen  0.19/turn              t - ring of stealth

@: mighty, berserk cooldown, very slightly contaminated, slowed, invisible, very
slow
A: distributed training, fangs 1, strong nose
a: Curse Item, Scrying, Renounce Religion


You were on level 2 of the Orcish Mines.
You worshipped Ashenzari.
Ashenzari was aware of your devotion.
You were hungry.

You visited 3 branches of the dungeon, and saw 13 of its levels.
You also visited: Ossuary.

You collected 1076 gold pieces.
You spent 667 gold pieces at shops.

Inventory:

Hand Weapons
 H - a +2 dagger of venom (weapon)
 O - a +0 blowgun
Missiles
 N - 16 poisoned needles
Armour
 u - a +0 helmet (worn)
 w - a +0 cloak (worn)
 A - a +0 buckler (worn)
 E - a +1 pair of boots (worn)
 L - a cursed +3 leather armour of magic resistance (worn)
Jewellery
 a - a +3 ring of intelligence (left hand)
 t - a ring of stealth (right hand)
 R - an uncursed ring of poison resistance
 S - a cursed ring of ice
 X - a cursed amulet of guardian spirit (around neck)
Wands
 n - a wand of polymorph (14/24)
 q - a wand of disintegration (11/24)
 G - a wand of iceblast (7/15)
 M - a wand of polymorph (10/24)
 T - a wand of acid (10/15)
 U - a wand of iceblast (7/15)
Scrolls
 i - 7 scrolls of identify {!r}
 k - a scroll of teleportation {!r}
 v - 2 scrolls of random uselessness {!r, unknown}
 y - 2 scrolls of holy word {!r, unknown}
 D - a scroll of fog {!r, unknown}
 F - 3 scrolls of magic mapping {!r, unknown}
 J - a scroll of silence {!r, unknown}
 Q - a scroll of vulnerability {!r}
Potions
 e - a potion of invisibility {!q}
 h - a potion of resistance {!q, unknown}
 j - 3 potions of curing {!q}
 o - 2 potions of lignification {!q, unknown}
 p - 2 potions of degeneration {!q, unknown}
 r - a potion of flight {!q, unknown}
 s - a potion of magic {!q, unknown}
 x - a potion of cancellation {!q, unknown}
 C - 2 potions of haste {!q, unknown}
 K - a potion of berserk rage {!q}
Books
 b - a book of Cantrips

   Spells                             Type                      Level
   a - Confusing Touch                Hexes                        1
   b - Animate Skeleton               Necromancy                   1
   c - Summon Small Mammal            Summoning                    1
   d - Apportation                    Translocation                1
 c - a book of Maledictions

   Spells                             Type                      Level
   a - Corona                         Hexes                        1
   b - Ensorcelled Hibernation        Hexes/Ice                    2
   c - Confuse                        Hexes                        3
   d - Tukima's Dance                 Hexes                        3
   e - Dazzling Spray                 Conjuration/Hexes            3
 B - a book of Conjurations

   Spells                             Type                      Level
   a - Magic Dart                     Conjuration                  1
   b - Searing Ray                    Conjuration                  2
   c - Dazzling Spray                 Conjuration/Hexes            3
   d - Fulminant Prism                Conjuration/Hexes            4
   e - Force Lance                    Conjuration/Translocation    4
   f - Iskenderun's Mystic Blast      Conjuration                  4
Comestibles
 d - 7 bread rations
 f - 7 meat rations
 g - 8 fruits
 l - 7 royal jellies


   Skills:
 + Level 7.3 Fighting
 + Level 7.8 Short Blades
 + Level 7.3 Long Blades
 + Level 7.3 Axes
 + Level 7.3 Maces & Flails
 + Level 7.3 Polearms
 + Level 7.3 Staves
 + Level 7.3 Slings
 + Level 7.3 Bows
 + Level 7.3 Crossbows
 + Level 7.3 Throwing
 + Level 7.3 Armour
 + Level 8.7 Dodging
 + Level 9.5 Stealth
   Level 0.0 Stabbing
 + Level 7.3 Shields
   Level 0.0 Traps
 + Level 7.3 Unarmed Combat
 + Level 8.9 Spellcasting
 + Level 7.3 Conjurations
 + Level 9.8 Hexes
 + Level 7.3 Charms
 + Level 7.3 Summonings
 + Level 7.3 Necromancy
 + Level 7.3 Translocations
 + Level 7.3 Transmutations
 + Level 7.3 Fire Magic
 + Level 7.3 Ice Magic
 + Level 7.3 Air Magic
 + Level 7.3 Earth Magic
 + Level 7.3 Poison Magic
 + Level 7.3 Invocations
 + Level 7.3 Evocations


You had 15 spell levels left.
You knew the following spells:

 Your Spells              Type           Power        Failure   Level  Hunger
a - Ensorcelled Hibernat  Hex/Ice        ######       1%          2    None
b - Corona                Hex            ######.      1%          1    None
e - Confuse               Hex            ######..     1%          3    None
s - Fulminant Prism       Conj/Hex       ######....   1%          4    #......
w - Tukima's Dance        Hex            ######..     1%          3    None


Dungeon Overview and Level Annotations

Branches:
Dungeon (10/15)            Temple (1/1) D:6            Lair (0/6) D:8
    Orc (2/2) D:9
    Elf: Orc:2

Altars:
Ashenzari
Cheibriados
Dithmenos
Elyvilon
Fedhas
Gozag
Hepliaklqana
Kikubaaqudgha
Makhleb
Nemelex Xobeh
Okawaru
Qazlal
Ru
Sif Muna
Trog
Uskayaw
Vehumet
Wu Jian
Xom
Yredelemnul
Zin
The Shining One

Shops:
D:7 *   D:8 =   D:9 (   Orc:2 =?=*


Innate Abilities, Weirdness & Mutations

Your experience applies equally to all skills.
You have very sharp teeth.
Your uncanny sense of smell can sniff out nearby items.


Message History

The wraith drains your vigour!
You feel as though you will be slow longer.
The wraith misses you.
Really quaff
j - 4 potions of curing {!q}?
You feel better.
You are feeling hungry.
The wraith barely misses you. The wraith closely misses you. x3
The wraith completely misses you.
Really read
k - a scroll of teleportation {!r}?
Okay, then.
Really quaff
K - 2 ruby potions {!q}?
It was a potion of berserk rage {!q}.
A red film seems to cover your vision as you go berserk!
You feel yourself moving faster!
You feel mighty! The wraith closely misses you. The wraith barely misses you.
The wraith misses you. The wraith barely misses you.
You hit the wraith.
The wraith is heavily damaged.
Your surroundings suddenly seem different.
The two-headed ogre shouts in stereo! x2; You hear a shout! x2
You hear two shouts!
The ogre shouts!
The two-headed ogre shouts in stereo! x2; The ogre shouts! x2
The two-headed ogre completely misses you.
You block the two-headed ogre's attack.
The ogre shouts!
You hit the two-headed ogre.
The two-headed ogre is poisoned.
You bite the two-headed ogre.
The two-headed ogre is lightly wounded.
You catch the helpless two-headed ogre completely off-guard!
You stick the two-headed ogre like a pincushion!!!
You bite the two-headed ogre.
The two-headed ogre is almost dead.
The ogre shouts!
The ogre shouts!
The two-headed ogre shouts in stereo!
You closely miss the ogre. The ogre closely misses you.
You hit the ogre. You bite the ogre.
The ogre is lightly wounded.
The two-headed ogre shouts in stereo!
The ogre completely misses you.
You puncture the ogre!
The ogre is poisoned.
The ogre is moderately wounded.
You hit the ogre.
The ogre looks as sick as possible!
The ogre is severely wounded.
You puncture the ogre!
You kill the ogre!
You are no longer berserk.
You are exhausted.
You feel as though you will be slow longer.
You hit the two-headed ogre.
The two-headed ogre is poisoned.
You bite the two-headed ogre!
The two-headed ogre is moderately wounded.
The ogre misses you. You block the ogre's attack.
You block the two-headed ogre's attack. x2
You catch the helpless two-headed ogre completely off-guard!
You perforate the two-headed ogre like a sieve!!!
You kill the two-headed ogre!
The ogre barely misses you.
You puncture the two-headed ogre! You bite the two-headed ogre.
The two-headed ogre is moderately wounded.
The ogre hits you with a giant spiked club!!
* * * LOW HITPOINT WARNING * * *
You block the two-headed ogre's attack.
The two-headed ogre hits you with a giant spiked club!
You die...

# ..... ##..## #
.... #.#.... ##
#...#...#... .#
##........#.. ##
#............ #
........... #
##OOO...... ∆
##.#@#{.....
#........... #
................
.
................
.
.##.............
# #...........#.
##
...............
.#
................
##
..########..####


You could see a two-headed ogre (wandering) and 2 ogres.

Vanquished Creatures
  Josephine (Orc:2)
  2 ogre magi
  10 two-headed ogres
  An orc sorcerer (Orc:1)
  An orc knight (Orc:1)
  A cyclops (D:8)
  An elephant (D:8)
  5 trolls (Orc:1)
  2 hippogriffs
  A wraith (Orc:2)
  A basilisk (D:8)
  Eustachio (D:6)
  4 hungry ghosts
  2 wargs
  2 ice beasts (D:9)
  16 orc warriors
  2 phantoms
  2 centaurs (D:8)
  A sky beast (D:5)
  14 ogres
  A crocodile (D:8)
  A big kobold (D:7)
  2 bullfrogs
  3 scorpions
  4 crimson imps
  2 howler monkeys
  A bullfrog zombie (D:7)
  3 hounds
  A jelly (D:9)
  10 orc priests
  4 iguanas
  10 orc wizards
  3 worker ants
  A killer bee zombie (D:6)
  A hound skeleton (D:6)
  3 mummies (Ossuary)
  Robin (D:2)
  2 howler monkey skeletons
  6 adders
  2 shadow imps (D:5)
  2 oozes
  6 adder zombies
  An adder skeleton (D:5)
  3 worms
  3 leopard geckos (D:4)
  54 orcs
  7 giant cockroaches
  A gnoll zombie (Ossuary)
  11 goblins
  5 hobgoblins
  6 jackals
  7 quokkas
  3 ball pythons
  A ball python skeleton (D:4)
  6 bats
  6 frilled lizards
  3 goblin zombies (Ossuary)
  4 hobgoblin zombies (Ossuary)
  A jackal zombie (D:5)
  10 kobolds
  A kobold zombie (Ossuary)
  2 quokka zombies
  6 rats
  4 rat zombies
284 creatures vanquished.

Vanquished Creatures (collateral kills)
  A two-headed ogre (Orc:2)
  An orc high priest (Orc:1)
  3 ogres
  An orc wizard (Orc:2)
  6 orcs
12 creatures vanquished.

Vanquished Creatures (others)
  3 dancing weapons (Orc:2)
  4 fulminant prisms (Ossuary)
7 creatures vanquished.

Grand Total: 303 creatures vanquished

Notes
Turn   | Place    | Note
-------+----------+-------------------------------------------
     0 | D:1      | Amnesiac the Gnoll Enchanter began the quest for the Orb.
     0 | D:1      | Reached XP level 1. HP: 13/13 MP: 6/6
   471 | D:1      | Reached XP level 2. HP: 19/19 MP: 7/7
   475 | D:1      | Learned a level 2 spell: Ensorcelled Hibernation
   774 | D:1      | Reached XP level 3. HP: 23/25 MP: 9/9
   779 | D:1      | Learned a level 3 spell: Confuse
   783 | D:1      | Learned a level 3 spell: Tukima's Dance
   895 | D:1      | Reached skill level 5 in Spellcasting
  1168 | D:2      | You fall through a shaft!
  1198 | D:3      | Found a shadowy altar of Dithmenos.
  1704 | D:2      | Noticed Robin
  1722 | D:2      | Killed Robin
  1722 | D:2      | Reached skill level 1 in Fighting
  1722 | D:2      | Reached skill level 1 in Long Blades
  1722 | D:2      | Reached skill level 1 in Axes
  1722 | D:2      | Reached skill level 1 in Maces & Flails
  1722 | D:2      | Reached skill level 1 in Polearms
  1722 | D:2      | Reached skill level 1 in Staves
  1722 | D:2      | Reached skill level 1 in Slings
  1722 | D:2      | Reached skill level 1 in Bows
  1722 | D:2      | Reached skill level 1 in Crossbows
  1722 | D:2      | Reached skill level 1 in Throwing
  1722 | D:2      | Reached skill level 1 in Armour
  1722 | D:2      | Reached skill level 1 in Shields
  1722 | D:2      | Reached skill level 1 in Unarmed Combat
  1722 | D:2      | Reached skill level 1 in Conjurations
  1722 | D:2      | Reached skill level 1 in Charms
  1722 | D:2      | Reached skill level 1 in Summonings
  1722 | D:2      | Reached skill level 1 in Necromancy
  1722 | D:2      | Reached skill level 1 in Translocations
  1722 | D:2      | Reached skill level 1 in Transmutations
  1722 | D:2      | Reached skill level 1 in Fire Magic
  1722 | D:2      | Reached skill level 1 in Ice Magic
  1722 | D:2      | Reached skill level 1 in Air Magic
  1722 | D:2      | Reached skill level 1 in Earth Magic
  1722 | D:2      | Reached skill level 1 in Poison Magic
  1722 | D:2      | Reached skill level 1 in Invocations
  1722 | D:2      | Reached skill level 1 in Evocations
  1722 | D:2      | Reached XP level 4. HP: 29/32 MP: 0/11
  2403 | D:3      | Reached XP level 5. HP: 37/37 MP: 12/12
  2425 | D:3      | Learned a level 4 spell: Fulminant Prism
  2523 | D:4      | Noticed an ogre
  2528 | D:4      | Killed an ogre
  2596 | D:4      | Reached XP level 6. HP: 43/44 MP: 7/13
  2668 | D:4      | Found a hide-covered altar of Uskayaw.
  2786 | D:4      | Reached skill level 5 in Dodging
  2924 | D:4      | Noticed a phantom
  2966 | D:4      | Killed a phantom
  3050 | D:4      | Reached XP level 7. HP: 50/50 MP: 8/15
  3209 | D:5      | Entered Level 5 of the Dungeon
  3246 | D:5      | Found a transporter.
  3313 | D:5      | Found a snail-covered altar of Cheibriados.
  3431 | D:5      | Found a transporter.
  4089 | D:6      | Reached XP level 8. HP: 57/57 MP: 9/16
  4162 | D:6      | Found a sand-covered staircase.
  4183 | Ossuary  | Entered an ossuary
  4573 | D:6      | Noticed Eustachio
  4580 | D:6      | Killed Eustachio
  4705 | D:6      | Found a staircase to the Ecumenical Temple.
  4758 | Temple   | Entered the Ecumenical Temple
  4875 | Temple   | Became a worshipper of Ashenzari the Shackled
  5534 | D:7      | Reached XP level 9. HP: 57/65 MP: 15/18
  5674 | D:7      | Found an opulent altar of Gozag.
  5674 | D:7      | Found a hazy altar of Hepliaklqana.
  5680 | D:7      | Found a stormy altar of Qazlal.
  5697 | D:7      | Found an ornate altar of the Wu Jian Council.
  5751 | D:7      | Found Kopsegg's General Store.
  5754 | D:7      | Bought a scroll of identify for 30 gold pieces
  5754 | D:7      | Bought a scroll of blinking for 112 gold pieces
  5754 | D:7      | Bought a potion of curing for 45 gold pieces
  5893 | D:8      | Reached skill level 5 in Short Blades
  5901 | D:8      | Found a staircase to the Lair.
  5902 | D:8      | Noticed an elephant
  5935 | D:8      | Killed an elephant
  6061 | D:8      | Reached XP level 10. HP: 73/73 MP: 15/20
  6114 | D:8      | Noticed a two-headed ogre
  6126 | D:8      | Killed a two-headed ogre
  6126 | D:8      | Reached skill level 5 in Fighting
  6126 | D:8      | Reached skill level 5 in Long Blades
  6126 | D:8      | Reached skill level 5 in Axes
  6126 | D:8      | Reached skill level 5 in Maces & Flails
  6126 | D:8      | Reached skill level 5 in Polearms
  6126 | D:8      | Reached skill level 5 in Staves
  6126 | D:8      | Reached skill level 5 in Slings
  6126 | D:8      | Reached skill level 5 in Bows
  6126 | D:8      | Reached skill level 5 in Crossbows
  6126 | D:8      | Reached skill level 5 in Throwing
  6126 | D:8      | Reached skill level 5 in Armour
  6126 | D:8      | Reached skill level 5 in Shields
  6126 | D:8      | Reached skill level 5 in Unarmed Combat
  6126 | D:8      | Reached skill level 5 in Conjurations
  6126 | D:8      | Reached skill level 5 in Charms
  6126 | D:8      | Reached skill level 5 in Summonings
  6126 | D:8      | Reached skill level 5 in Necromancy
  6126 | D:8      | Reached skill level 5 in Translocations
  6126 | D:8      | Reached skill level 5 in Transmutations
  6126 | D:8      | Reached skill level 5 in Fire Magic
  6126 | D:8      | Reached skill level 5 in Ice Magic
  6126 | D:8      | Reached skill level 5 in Air Magic
  6126 | D:8      | Reached skill level 5 in Earth Magic
  6126 | D:8      | Reached skill level 5 in Poison Magic
  6126 | D:8      | Reached skill level 5 in Invocations
  6126 | D:8      | Reached skill level 5 in Evocations
  6274 | D:8      | Noticed a cyclops
  6277 | D:8      | Killed a cyclops
  6657 | D:8      | Found Beach's Jewellery Shop.
  6787 | D:9      | Found a staircase to the Orcish Mines.
  6853 | D:9      | Reached * piety under Ashenzari
  7306 | D:9      | Found Qurrixta's Weapon Shop.
  7521 | D:9      | Identified the +2 leather armour of Parlour Games {*Corrode Str+4 Int+4}
  7756 | D:10     | Entered Level 10 of the Dungeon
  7774 | Orc:1    | Entered Level 1 of the Orcish Mines
  8125 | D:8      | Bought an uncursed amulet of guardian spirit for 480 gold pieces
  8225 | Orc:2    | Entered Level 2 of the Orcish Mines
  8314 | Orc:2    | Found Axzus's General Store.
  8314 | Orc:2    | Found Leesmonovo's Magic Scroll Shop.
  8314 | Orc:2    | Found Hyngiupp's Jewellery Shop.
  8314 | Orc:2    | Found Itziypp's Jewellery Emporium.
  8314 | Orc:2    | Noticed an ogre mage
  8314 | Orc:2    | Noticed an ogre mage
  8314 | Orc:2    | Noticed an ogre mage
  8314 | Orc:2    | Noticed a two-headed ogre
  8314 | Orc:2    | Noticed a two-headed ogre
  8314 | Orc:2    | Noticed a two-headed ogre
  8314 | Orc:2    | Noticed a two-headed ogre
  8314 | Orc:2    | Noticed a two-headed ogre
  8314 | Orc:2    | Noticed a two-headed ogre
  8315 | Orc:2    | Noticed a two-headed ogre
  8315 | Orc:2    | Noticed a two-headed ogre
  8315 | Orc:2    | Noticed a two-headed ogre
  8315 | Orc:2    | Noticed a two-headed ogre
  8315 | Orc:2    | Noticed a two-headed ogre
  8315 | Orc:2    | Noticed an ogre mage
  8315 | Orc:2    | Noticed a two-headed ogre
  8315 | Orc:2    | Noticed a two-headed ogre
  8315 | Orc:2    | Noticed a two-headed ogre
  8367 | Orc:2    | HP: 1/74 [ogre/giant club (20)]
  8675 | Orc:1    | Noticed an orc high priest
  8687 | Orc:1    | Reached XP level 11. HP: 44/81 MP: 5/22
  8994 | Orc:1    | Killed an orc high priest
  9078 | Orc:1    | Noticed an orc sorcerer
  9079 | Orc:1    | Noticed an orc knight
  9094 | Orc:1    | Killed an orc knight
  9101 | Orc:1    | Killed an orc sorcerer
  9390 | Orc:2    | Killed a two-headed ogre
  9773 | Orc:1    | Killed a two-headed ogre
  9874 | Orc:1    | Killed a two-headed ogre
  9876 | Orc:1    | Killed a two-headed ogre
 10004 | Orc:1    | Killed a two-headed ogre
 10039 | Orc:1    | Killed a two-headed ogre
 10043 | Orc:1    | Killed a two-headed ogre
 10043 | Orc:1    | Reached XP level 12. HP: 70/89 MP: 5/24
 10144 | Orc:1    | Killed a two-headed ogre
 10455 | Orc:1    | Killed an ogre mage
 10655 | Orc:2    | Noticed Josephine
 10726 | Orc:2    | Killed an ogre mage
 10991 | Orc:2    | Killed Josephine
 10995 | Orc:2    | Killed a two-headed ogre
 11028 | Orc:2    | HP: 1/91 [wraith[Josephine] (11)]
 11044 | Orc:2    | Killed a two-headed ogre
 11045 | Orc:2    | Mangled by a two-headed ogre

Vault maps used:
D:1:      co_arrival_random_square_maze
D:2:      minmay_misc_feat_plants, uniq_robin
D:3:      nicolae_dithmenos_shadow_blocks
D:4:      eat_drink_and_be_merry_uskayaw, hangedman_decor_growths
D:5:      gammafunk_wand_slinger, nicolae_overflow_crystal_walls, first_bread,
          minivault_11
D:6:      temple_doors_e, enter_ossuary_4, patterned_corridor, uniq_eustachio
D:7:      minitemple, serial_shops, kennysheep_mini
D:8:      david_lair_generic, serial_shops, kennysheep_mini_moat,
          serial_aquarium, aquarium_bridge_long_joined, aquarium_bridge_square,
          aquarium_window_1, aquarium_window_2, aquarium_window_2,
          aquarium_view_2e, aquarium_balcony_5b, aquarium_pool_double
D:9:      orc_0_dummy, serial_shops, shop
D:10:     enter_trove_1, nrook_guardian_serpent_double, uniq_sonja, uniq_snorg
Temple:   eino_temple_scatter_basement
Orc:2:    st_orc_ogre_mass, uniq_josephine
Ossuary:  ossuary_minmay_chase

Skill      XL: |  1  2  3  4  5  6  7  8  9 10 11 12 |
---------------+-------------------------------------+-----
Spellcasting   | 5 6 7 8 |  8.9
Stealth        | 6 7 8 9 |  9.5
Fighting       | 1 2 3 4 5 6 7 |  7.3
Long Blades    | 1 2 3 4 5 6 7 |  7.3
Axes           | 1 2 3 4 5 6 7 |  7.3
Maces & Flails | 1 2 3 4 5 6 7 |  7.3
Polearms       | 1 2 3 4 5 6 7 |  7.3
Staves         | 1 2 3 4 5 6 7 |  7.3
Slings         | 1 2 3 4 5 6 7 |  7.3
Bows           | 1 2 3 4 5 6 7 |  7.3
Crossbows      | 1 2 3 4 5 6 7 |  7.3
Throwing       | 1 2 3 4 5 6 7 |  7.3
Armour         | 1 2 3 4 5 6 7 |  7.3
Shields        | 1 2 3 4 5 6 7 |  7.3
Unarmed Combat | 1 2 3 4 5 6 7 |  7.3
Conjurations   | 1 2 3 4 5 6 7 |  7.3
Charms         | 1 2 3 4 5 6 7 |  7.3
Summonings     | 1 2 3 4 5 6 7 |  7.3
Necromancy     | 1 2 3 4 5 6 7 |  7.3
Translocations | 1 2 3 4 5 6 7 |  7.3
Transmutations | 1 2 3 4 5 6 7 |  7.3
Fire Magic     | 1 2 3 4 5 6 7 |  7.3
Ice Magic      | 1 2 3 4 5 6 7 |  7.3
Air Magic      | 1 2 3 4 5 6 7 |  7.3
Earth Magic    | 1 2 3 4 5 6 7 |  7.3
Poison Magic   | 1 2 3 4 5 6 7 |  7.3
Invocations    | 1 2 3 4 5 6 7 |  7.3
Evocations     | 1 2 3 4 5 6 7 |  7.3
Short Blades   | 3 4 5 6 7 |  7.8
Dodging        | 5 6 7 8 |  8.7
Hexes          | 7 8 9 |  9.8

Action                   |  1- 3 |  4- 6 |  7- 9 | 10-12 || total
-------------------------+-------+-------+-------+-------++-------
Melee: Dagger            |   110 |    87 |   244 |   270 ||   711
       Bite              |     4 |     7 |    31 |    28 ||    70
       Punch             |       |     1 |     1 |       ||     2
 Cast: Corona            |     5 |       |       |       ||     5
       Ensorcelled Hiber |    20 |    33 |    41 |   104 ||   198
       Confuse           |     2 |     2 |    17 |    34 ||    55
       Tukima's Dance    |       |       |     2 |    19 ||    21
       Fulminant Prism   |       |       |     4 |       ||     4
Invok: Curse Item        |       |       |     1 |     1 ||     2
  Use: Potion            |       |       |       |    15 ||    15
       Scroll            |       |       |       |     6 ||     6
 Stab: Sleeping          |    23 |    29 |    40 |    67 ||   159
       Confused          |       |     1 |    11 |    15 ||    27
       Invisible         |       |       |       |     2 ||     2
  Eat: Chunk             |     3 |     4 |    11 |    16 ||    34
Armor: Robe              |    17 |     3 |    13 |       ||    33
       Leather armour    |       |       |    12 |   110 ||   122
Dodge: Dodged            |    65 |    48 |    83 |   350 ||   546
Block: Buckler           |       |       |    27 |   139 ||   166

Table legend:
 A = Spawn XP
 B = Non-spawn XP
 C = Spawn XP percentage of total XP
 D = Spawn monster count
 E = Non-spawn monster count
 F = Spawn count percentage of total count
 G = Total turns spent on level
                    A         B        C        D         E        F      G
               +---------+---------+-------+---------+---------+-------+---------
         Total |       0 |   25991 |   0.0 |       0 |     296 |   0.0 | 11045
               +---------+---------+-------+---------+---------+-------+---------
           D:1 |       0 |      39 |   0.0 |       0 |      22 |   0.0 |  1055
           D:2 |       0 |      43 |   0.0 |       0 |      15 |   0.0 |   621
           D:3 |       0 |      89 |   0.0 |       0 |      20 |   0.0 |   782
           D:4 |       0 |     482 |   0.0 |       0 |      21 |   0.0 |   751
           D:5 |       0 |     522 |   0.0 |       0 |      24 |   0.0 |   879
           D:6 |       0 |     471 |   0.0 |       0 |      11 |   0.0 |   706
           D:7 |       0 |    1462 |   0.0 |       0 |      29 |   0.0 |   611
           D:8 |       0 |    3390 |   0.0 |       0 |      21 |   0.0 |   990
           D:9 |       0 |    1019 |   0.0 |       0 |      18 |   0.0 |  1222
          D:10 |       0 |       3 |   0.0 |       0 |       1 |   0.0 |     5
         Orc:1 |       0 |   12725 |   0.0 |       0 |      61 |   0.0 |  2374
         Orc:2 |       0 |    5651 |   0.0 |       0 |      32 |   0.0 |   607
       Ossuary |       0 |      95 |   0.0 |       0 |      21 |   0.0 |   306
               +---------+---------+-------+---------+---------+-------+---------
